 Dungeon Crawl Stone Soup version 0.25.1-9-gc5326a611f (webtiles) character file.

Game seed: 15062729042953448920

4963 hawla the Destroyer (level 10, -3/123 HPs)
             Began as a Pale Draconian Conjurer on Dec 25, 2020.
             Slain by a salamander (shapeshifter) (9 damage)
             ... on level 9 of the Dungeon.
             The game lasted 00:29:36 (11514 turns).

hawla the Destroyer (Pale Draconian Conjurer)      Turns: 11514, Time: 00:29:38

Health: -3/123     AC: 29    Str: 11    XL:     10   Next: 28%
Magic:  3/22       EV:  2    Int: 19    God:
Gold:   537        SH:  0    Dex: 13    Spells: 17/25 levels left

rFire    . . .     SeeInvis .   m - +4 quarterstaff (chaos)
rCold    . . .     Gourm    .   (shield currently unavailable)
rNeg     + + +     Faith    .   (armour unavailable)
rPois    +         Spirit   .   (helmet currently unavailable)
rElec    .         Reflect  .   (cloak currently unavailable)
rCorr    .         Harm     .   (gloves currently unavailable)
MR       .....     NoTele   +   (boots currently unavailable)
Stlth    ++........             (no amulet)
HPRegen  0.30/turn              o - +4 ring of protection
MPRegen  0.18/turn              t - ring of positive energy

@: tree-form, invisible
A: (breathe steam), unfitting armour, agile 1, robust 2, subdued magic 1, AC +7
a: no special abilities


You were on level 9 of the Dungeon.
You were hungry.
You were a tree.
You visited 2 branches of the dungeon, and saw 10 of its levels.
You also visited: Sewer.

You collected 537 gold pieces.

Inventory:

Hand Weapons
 l - a +0 quarterstaff
 m - a +4 quarterstaff of chaos (weapon)
Missiles
 k - 12 boomerangs (quivered)
 r - 3 curare-tipped darts
 u - 8 poisoned darts
 B - a throwing net
Armour
 n - a +2 cloak (melded)
 w - a +0 pair of boots (melded)
Magical Staves
 y - an uncursed staff of cold
Jewellery
 o - a +4 ring of protection (left branch)
 t - a ring of positive energy (right branch)
Wands
 a - a wand of digging (4)
 A - a wand of flame (9)
Scrolls
 c - 2 scrolls of amnesia
 d - 3 scrolls of teleportation
 e - 5 scrolls of enchant weapon
 g - 2 scrolls of remove curse
 h - a scroll of blinking
 s - 2 scrolls of fog
 v - a scroll of enchant armour
Potions
 f - 2 potions of invisibility
 i - 2 potions of ambrosia
 p - a potion of cancellation
 C - a potion of haste
Comestibles
 b - 12 rations


   Skills:
 + Level 5.8 Staves
 - Level 2.0 Dodging
 - Level 1.7 Stealth
 + Level 8.2 Spellcasting
 - Level 8.3 Conjurations
 - Level 3.0 Hexes
 - Level 6.2 Translocations
 - Level 4.0 Evocations


You had 17 spell levels left.
You knew the following spells:

 Your Spells              Type           Power        Failure   Level  Hunger
a - Magic Dart            Conj           ####         1%          1    None
b - Searing Ray           Conj           ####..       1%          2    None
c - Iskenderun's Mystic   Conj/Tloc      ####....     3%          4    ###....
d - Corona                Hex            ##.....      1%          1    None

Your spell library contained the following spells:

 Spells                   Type           Power        Failure   Level  Hunger
 Foxfire                  Conj/Fire      ###.         1%          1    None
 Dazzling Flash           Conj/Hex       ###...       1%          3    None
 Conjure Flame            Conj/Fire      ###.....     3%          3    None
 Fulminant Prism          Conj/Hex       ###.......   7%          4    ###....
 Inner Flame              Hex/Fire       ##......     12%         3    None
 Sticky Flame             Conj/Fire      ###.....     13%         4    ###....
 Fireball                 Conj/Fire      ###.......   36%         5    #####..


Dungeon Overview and Level Annotations

Branches:
Dungeon (9/15)             Temple (1/1) D:6           Sewer (visited)
   Lair: D:8-11         Orc: D:9-12

Altars:
Ashenzari
Cheibriados
Dithmenos
Elyvilon
Fedhas
Gozag
Hepliaklqana
Kikubaaqudgha
Makhleb
Nemelex Xobeh
Okawaru
Qazlal
Ru
Sif Muna
Trog
Uskayaw
Wu Jian
Xom
Yredelemnul
The Shining One

Shops:
D:4 [(

Annotations:
D:6 1 runed translucent door, WaxSun's ghost, amateur HOMo


Innate Abilities, Weirdness & Mutations

((You can breathe blasts of scalding, opaque steam.))
((Your pale cyan-grey scales are hard. (AC +7)))
You cannot fit into any form of body armour.
((You are cold-blooded and may be slowed by cold attacks.))
((Your large and strong wings let you fly indefinitely.))
You are agile. (Dex +2)
((You can translocate small distances at will.))
You are very robust. (+20% HP)
Your spells are a little easier to cast, but a little less powerful.


Message History

The salamander hits you but does no damage.
You sock the salamander!
The salamander seems to speed up.
The salamander is heavily wounded.
The salamander hits you but does no damage.
The salamander hits you!
* * * LOW HITPOINT WARNING * * *
You are engulfed in flames!
* * * LOW HITPOINT WARNING * * *
You feel better.
The salamander hits you but does no damage.
Casting: Corona (safe; 1% risk of failure)
Confirm with . or Enter, or press ? or * to list all spells.
You don't have enough magic to cast that spell.
You fade into invisibility!
The salamander hits you.
* * * LOW HITPOINT WARNING * * *
You are engulfed in flames!
* * * LOW HITPOINT WARNING * * *
The salamander hits you!
You die...

####...# #......# #......#
#......# #......# ######
#......# #....##
########..[<)[#
......#########..........)..#
............†...♣......>.÷.##
#....#.########.N......)...#
######..# ##!#####.....#
##.########'### #.....#
#..#.^.......# #.....#
##.#.........# #######
#.).........# ##..........#
#..........#


You could see a salamander shaped shifter (berserk, fast, very poisoned).

Vanquished Creatures
  An unseen horror (D:6)
  Grinder (D:6)
  A hippogriff (D:8)
  Sigmund (D:2)
  4 yaks (D:9)
  Edmund (D:6)
  A black bear (D:9)
  Purgy (Sewer)
  3 sky beasts
  A phantom (D:7)
  3 ogres
  5 centaurs
  A big kobold (D:8)
  5 bullfrogs
  A scorpion (D:5)
  8 killer bees (D:7)
  A howler monkey (D:4)
  2 crimson imps
  A bullfrog zombie (D:9)
  6 hounds
  2 orc priests (D:7)
  2 centaur skeletons
  Crazy Yiuf (D:2)
  A bullfrog skeleton (D:5)
  9 orc wizards
  An iguana (D:6)
  8 worker ants
  A hound skeleton (D:5)
  A worker ant zombie (D:5)
  8 gnolls
  10 adders
  A river rat (D:6)
  A shadow imp (D:6)
  3 oozes
  3 worms
  2 dart slugs
  4 leopard geckos
  19 orcs
  4 ball pythons
  11 giant cockroaches
  7 goblins
  8 hobgoblins
  4 jackals (D:8)
  4 bats
  6 frilled lizards
  A giant cockroach zombie (D:5)
  14 kobolds
  A leopard gecko skeleton (D:3)
  2 quokka skeletons
  7 rats
194 creatures vanquished.

Vanquished Creatures (others)
  A bullfrog skeleton (D:4)
1 creature vanquished.

Grand Total: 195 creatures vanquished

Notes
Turn   | Place    | Note
-------+----------+-------------------------------------------
     0 | D:1      | hawla the Draconian Conjurer began the quest for the Orb.
     0 | D:1      | Reached XP level 1. HP: 14/14 MP: 3/3
   350 | D:1      | Reached XP level 2. HP: 12/20 MP: 0/5
   354 | D:1      | Learned a level 2 spell: Searing Ray
   904 | D:2      | Noticed Sigmund
   905 | D:2      | Reached XP level 3. HP: 26/26 MP: 3/6
   999 | D:2      | Killed Sigmund
   999 | D:2      | Reached skill level 5 in Conjurations
   999 | D:2      | Reached XP level 4. HP: 18/33 MP: 5/9
   999 | D:2      | Reached XP level 5. HP: 21/38 MP: 5/10
  1008 | D:2      | Learned a level 4 spell: Iskenderun's Mystic Blast
  1424 | D:2      | Found a hazy altar of Hepliaklqana.
  1552 | D:2      | Found an opulent altar of Gozag.
  1608 | D:2      | Found a glowing golden altar of the Shining One.
  1642 | D:2      | Found a shattered altar of Ashenzari.
  1714 | D:2      | Found a faded altar of an unknown god.
  2070 | D:2      | Found a runed translucent door.
  2071 | D:2      | Noticed Crazy Yiuf
  2131 | D:2      | Killed Crazy Yiuf
  2131 | D:2      | Reached skill level 1 in Translocations
  2654 | D:3      | You fall into a shaft and drop 2 floors!
  2654 | D:5      | Entered Level 5 of the Dungeon
  2684 | D:4      | Noticed a sky beast
  2697 | D:4      | Gained mutation: You tend to lose your temper in combat.
                  | [potion of mutation]
  2697 | D:4      | Gained mutation: You do not regenerate when monsters are
                  | visible. [potion of mutation]
  2697 | D:4      | Gained mutation: Your large and strong wings let you fly
                  | indefinitely. [potion of mutation]
  2699 | D:4      | Killed a sky beast
  2699 | D:4      | Reached XP level 6. HP: 4/45 MP: 1/11
  3026 | D:4      | Lost mutation: You tend to lose your temper in combat.
                  | [potion of mutation]
  3026 | D:4      | Lost mutation: Your large and strong wings let you fly
                  | indefinitely. [potion of mutation]
  3026 | D:4      | Gained mutation: You have a pair of small horns on your
                  | head. [potion of mutation]
  3026 | D:4      | Gained mutation: You have an increased reservoir of magic.
                  | (+10% MP) [potion of mutation]
  3267 | D:3      | Found a hide-covered altar of Uskayaw.
  3463 | D:3      | Lost mutation: You have a pair of small horns on your head.
                  | [potion of mutation]
  3463 | D:3      | Lost mutation: You have an increased reservoir of magic.
                  | (+10% MP) [potion of mutation]
  3463 | D:3      | Lost mutation: You do not regenerate when monsters are
                  | visible. [potion of mutation]
  3463 | D:3      | Gained mutation: Your large and strong wings let you fly
                  | indefinitely. [potion of mutation]
  3463 | D:3      | Gained mutation: Your spells are a little easier to cast,
                  | but a little less powerful. [potion of mutation]
  3463 | D:3      | Gained mutation: You have very sharp teeth. [potion of
                  | mutation]
  3463 | D:3      | Gained mutation: You are robust. (+10% HP) [potion of
                  | mutation]
  3464 | D:3      | Lost mutation: You have very sharp teeth. [potion of
                  | mutation]
  3464 | D:3      | Gained mutation: You are very robust. (+20% HP) [potion of
                  | mutation]
  3464 | D:3      | Gained mutation: You can translocate small distances at
                  | will. [potion of mutation]
  3464 | D:3      | Gained mutation: You are agile. (Dex +2) [potion of
                  | mutation]
  3723 | D:4      | Found a white marble altar of Elyvilon.
  3875 | D:4      | Your scales start taking on a pale cyan-grey colour.
  3875 | D:4      | Reached XP level 7. HP: 60/60 MP: 1/13
  4024 | D:4      | Found Ceahoh's Weapon Boutique.
  4360 | D:4      | Found Suqyss Ustrad's Antique Armour Boutique.
  5691 | D:5      | Found a white marble altar of Elyvilon.
  5839 | D:6      | Found a staircase to the Ecumenical Temple.
  5849 | D:6      | Reached skill level 5 in Spellcasting
  5849 | D:6      | Reached XP level 8. HP: 24/68 MP: 2/15
  5859 | D:6      | Reached skill level 5 in Translocations
  5862 | D:6      | HP: 3/68 [something (5)]
  5866 | Temple   | Entered the Ecumenical Temple
  6439 | D:6      | Killed an unseen horror
  6480 | D:6      | Found a glowing drain.
  6512 | Sewer    | Entered a sewer
  6662 | Sewer    | Noticed Purgy
  6666 | Sewer    | Killed Purgy
  6893 | D:6      | Found a shimmering blue altar of Sif Muna.
  6910 | D:6      | Identified Sif Muna's Guide on Execration
  7030 | D:6      | Reached XP level 9. HP: 74/74 MP: 11/18
  7101 | D:6      | Noticed Grinder
  7103 | D:6      | Noticed Edmund
  7122 | D:6      | Killed Grinder
  7122 | D:6      | Reached skill level 1 in Staves
  7122 | D:6      | Reached skill level 1 in Evocations
  7127 | D:6      | Killed Edmund
  7501 | D:6      | Learned a level 1 spell: Corona
  7600 | D:6      | Found a runed translucent door.
  7600 | D:6      | Found a shimmering altar of Xom.
  7600 | D:6      | Noticed a +1 war axe of chaos
  7600 | D:6      | Noticed WaxSun's ghost (amateur HOMo)
  7839 | D:7      | Reached skill level 1 in Hexes
  8216 | D:7      | Found an iron altar of Okawaru.
 10355 | D:8      | Found a bloodstained altar of Trog.
 10491 | D:8      | Found an ornate altar of the Wu Jian Council.
 10553 | D:8      | Reached XP level 10. HP: 82/82 MP: 16/21
 11058 | D:9      | Reached skill level 5 in Staves
 11503 | D:9      | Noticed a salamander
 11503 | D:9      | a shapeshifter changed into a salamander
 11514 | D:9      | HP: 6/123 [salamander (shapeshifter) (11)]
 11514 | D:9      | Slain by a salamander (shapeshifter)

Illustrated notes

Levels and vault maps discovered:
D:1:      minmay_arrival_semitransparent, layout_basic,
          chequers_serial_rivers_micro_b
D:2:      layout_loops_ring, nicolae_overflow_quartered_altars,
          chequers_ecumenical_altar_grove, st_stairs_9, uniq_sigmund,
          uniq_crazy_yiuf_cottage
D:3:      layout_loops_ring, eat_drink_and_be_merry_uskayaw
D:4:      layout_loops_corners, serial_shops, shop, kennysheep_mini,
          elyvilon_altar_4
D:5:      layout_rooms, lemuel_crystal_altar, first_ration
D:6:      layout_rooms, led_sif_book, minmay_temple_entry_ruins,
          portal_sewer_entry_b, ebering_ghost_xom, minmay_misc_feat_diagonals,
          uniq_edmund, uniq_grinder
D:7:      layout_layer_cave, lemuel_crystal_altar, minmay_misc_feat_cross
D:8:      layout_cave_pools, nicolae_overflow_hidden_temple,
          nicolae_overflow_crystal_walls, trog_hazing_becter
D:9:      layout_basic, vehumet_statue, uniq_erolcha
Temple:   jpeg_temple_clearing

Skill      XL: |  1  2  3  4  5  6  7  8  9 10 |
---------------+-------------------------------+-----
Spellcasting   | 3 4 5 6 7 8 |  8.2
Conjurations   | 5 6 7 8 |  8.3
Translocations | 2 3 4 6 |  6.2
Staves         | 4 5 |  5.8
Dodging        | 2 |  2.0
Evocations     | 4 |  4.0
Hexes          | 3 |  3.0
Stealth        | |  1.7

Action                   |  1- 3 |  4- 6 |  7- 9 | 10-12 || total
-------------------------+-------+-------+-------+-------++-------
Melee: Unarmed           |    26 |       |       |       ||    26
       Tailslap          |     1 |     1 |     8 |     2 ||    12
       Quarterstaff      |       |     9 |    85 |    20 ||   114
 Cast: Magic Dart        |    21 |    44 |    79 |    14 ||   158
       Searing Ray       |     6 |    27 |    66 |    10 ||   109
       Iskenderun's Myst |       |     1 |    24 |     4 ||    29
       Corona            |       |       |    20 |     5 ||    25
 Abil: Fly               |       |       |     1 |       ||     1
       Stop Flying       |       |       |     1 |       ||     1
  Use: Potion            |     1 |     7 |     5 |     3 ||    16
       Scroll            |       |       |    10 |     4 ||    14
 Stab: Sleeping          |       |       |     1 |       ||     1
  Eat: Chunk             |     1 |     9 |    22 |     2 ||    34
       Ration            |       |       |     1 |       ||     1
Armor: Skin              |     7 |    15 |   113 |    22 ||   157
Dodge: Dodged            |    25 |    16 |   157 |    35 ||   233
